 Dungeon Crawl Stone Soup version 0.19.5 (webtiles) character file.

77607 sveltemanboy the Severer (level 15, -5/68 HPs)
             Began as a Vine Stalker Berserker on Mar 12, 2017.
             Was the Champion of Trog.
             Killed from afar by Aizul (23 damage)
             ... with a bolt of poison
             ... on level 1 of the Swamp on Mar 19, 2017.
             The game lasted 01:15:08 (19768 turns).

sveltemanboy the Severer (Vine Stalker Berserker)  Turns: 19768, Time: 01:15:10

Health: -5/68      AC: 20    Str: 23    XL:     15   Next: 57%
Magic:  0/19       EV: 15    Int:  7    God:    Trog [******]
Gold:   2869       SH:  0    Dex: 20    Spells: 0 memorised, 14 levels left

rFire  . . .     SeeInvis .     p - +2 battleaxe (vamp)
rCold  . . .     Gourm    .     A - +7 chain mail of Gluttony {*Corrode Dex+3 Stlth+}
rNeg   . . .     Faith    .     (shield currently unavailable)
rPois  .         Spirit   +     w - +1 helmet
rElec  .         Reflect  .     J - +0 cloak
rCorr  .         Harm     .     N - +2 pair of gloves
MR     ++...                    i - +0 pair of boots
Stlth  ..........               (no amulet)
                                H - ring of protection from magic
                                O - +6 ring of evasion

@: lethally poisoned (-5 -> -36), corroded
A: fangs 3, regeneration 2, magic shield, antimagic bite, no device heal 3, rot
immunity
a: Berserk, Trog's Hand, Brothers in Arms, Burn Spellbooks, Renounce Religion


You were on level 1 of the Swamp.
You worshipped Trog.
Trog was exalted by your worship.
You were very hungry.

You visited 5 branches of the dungeon, and saw 21 of its levels.
You also visited: Sewer and Ice Cave.

You collected 2914 gold pieces.
You spent 45 gold pieces at shops.

Inventory:

Hand Weapons
 a - a +3 executioner's axe of freezing
 b - a +4 arbalest of freezing
 p - a +2 vampiric battleaxe (weapon)
Missiles
 K - 175 bolts
Armour
 i - a +0 pair of boots (worn)
 w - a +1 helmet (worn)
 A - the +7 chain mail of Gluttony (worn) {*Corrode Dex+3 Stlth+}
   (You found it on level 6 of the Dungeon)

   It affects your dexterity (+3).
   It may corrode you when you take damage.
   It makes you more stealthy.
 J - a +0 cloak (worn)
 N - a +2 pair of gloves (worn)
Rods
 X - a +4 rod of inaccuracy (9/9)
   (You found it in an ice cave)
Jewellery
 H - a ring of protection from magic (right hand)
 I - an uncursed ring of positive energy
 O - a +6 ring of evasion (left hand)
 U - an uncursed ring of protection from cold
Wands
 s - a wand of teleportation (6/9)
 u - a wand of lightning (0/15)
 C - a wand of enslavement (6/24)
 F - a wand of acid (0/15)
 G - a wand of polymorph (3/24)
 V - a wand of slowing (9/48)
Scrolls
 e - 7 scrolls of remove curse
 k - 2 scrolls of magic mapping
 q - 6 scrolls of teleportation
 x - 2 scrolls of fog
 B - 8 scrolls of identify
Potions
 f - 5 potions of flight
 j - 3 potions of magic
 m - 2 potions of berserk rage
 o - a potion of cure mutation
 t - 6 potions of curing
 z - 2 potions of might
 P - a potion of ambrosia
Miscellaneous
 R - a phantom mirror
Comestibles
 c - 8 bread rations
 d - 4 beef jerkies
 g - 6 royal jellies
 n - 14 fruits
 r - 11 meat rations


   Skills:
 - Level 3.1 Fighting
   Level 12.3 Long Blades
 * Level 18.3 Axes
 + Level 4.4 Armour
 + Level 2.2 Dodging
   Level 7.0 Shields
 - Level 4.5 Evocations


You had 14 spell levels left.
You didn't know any spells.

Dungeon Overview and Level Annotations

Branches:
Dungeon (11/15)            Temple (0/1) D:7            Lair (6/6) D:11
  Swamp (1/4) Lair:3       Spider (0/4) Lair:2        Slime (0/5) Lair:6
    Orc (2/2) D:9             Elf (1/3) Orc:2

Altars:
Makhleb

Shops:
D:5 *   D:9 (   Orc:2 :*[(

Portals:
Hell: Lair:6
Trove: D:11 (give +2 shadow dragon scales)

Annotations:
D:3 feelmyfire's ghost, amateur NaTm
Swamp:1 Aizul


Innate Abilities, Weirdness & Mutations

You have razor-sharp teeth.
You heal very quickly.
When hurt, damage is shared between your health and your magic reserves.
Your bite disrupts and absorbs the magic of your enemies.
Potions and wands cannot restore your health.
You are immune to rotting.


Message History

Aizul says, "I wasn't actually sleeping!"
Aizul hits you. The swamp worm closely misses you.
You slash the swamp worm!
You feel better.
Your bite misses the swamp worm.
The swamp worm is almost dead.
You closely miss Aizul.
You feel sick. Aizul hits you but does no damage. The swamp worm bites you!
You slash Aizul!
You feel better.
Your bite misses Aizul.
Aizul is lightly wounded.
You slash the swamp worm!
You feel better.
You kill the swamp worm!
Trog accepts your kill.
You feel sick. Aizul casts a spell at you. The bolt of poison hits you!
You are more poisoned.
* * * LOW HITPOINT WARNING * * *
Aizul casts a spell at you. The bolt of poison hits you!
You are more poisoned.
You die...

.......≈≈
.≈......≈ ≈≈.
...≈≈≈... ....
.%≈≈≈≈..♣ ≈...
.≈≈≈..≈≈♣ .....
.≈§...§≈♣ ♣♣..≈≈≈
.....≈≈≈♣♣≈....≈≈
....≈≈≈≈S♣≈......
...≈≈≈≈≈†@≈.....≈
..≈≈≈≈≈....###.≈.
♣.≈≈≈≈≈≈...#
♣♣.≈≈≈≈≈..##
♣.)≈≈≈...#
≈♣.......#
♣♣♣♣..♣.. ♣♣.....
♣.≈.##


You could see Aizul.

Vanquished Creatures
  A frost giant (IceCv)
  An orc warlord (Orc:2)
  An ogre mage (Orc:2)
  A hell beast (Lair:6)
  6 hydras
  6 death yaks
  An alligator (Lair:6)
  3 orc high priests (Orc:2)
  2 dancing weapons
  Nergalle (D:11)
  A wizard (Lair:6)
  2 hill giants
  Pikel (D:5)
  3 orc knights (Orc:2)
  A deep elf mage (Elf:1)
  3 orc sorcerers (Orc:2)
  2 ugly things
  A cyclops (Orc:2)
  4 black mambas
  An elephant (Lair:5)
  Maurice (D:11)
  3 orange demons (Lair:6)
  6 spiny frogs
  4 rime drakes
  4 ice devils (Lair:6)
  A hellwing (Lair:6)
  7 komodo dragons
  4 trolls
  A queen bee (Lair:4)
  2 red devils (Lair:6)
  23 polar bears
  2 hornets
  4 two-headed ogres
  2 meliai (Lair:4)
  Prince Ribbit (D:8)
  25 blink frogs
  7 dream sheep (Lair:6)
  5 hippogriffs
  3 slime creatures
  52 yaks
  5 wyverns
  A water elemental (Elf:1)
  The ghost of feelmyfire the Sneak, an amateur VSEn of Dithmenos (D:4)
  A basilisk (Lair:5)
  A hog (Lair:4)
  Edmund (D:5)
  A hungry ghost (D:11)
  7 vampire mosquitoes (Lair:3)
  A swamp worm (Swamp:1)
  12 water moccasins
  6 porcupines
  2 sky beasts
  2 slaves (D:5)
  2 black bears
  8 ice beasts
  3 phantoms
  25 wolves
  33 orc warriors
  20 ogres
  6 centaurs
  9 crocodiles
  8 big kobolds
  11 bullfrogs
  8 gnoll sergeants
  A wyvern skeleton (D:11)
  A water moccasin skeleton (D:10)
  4 scorpions
  14 killer bees
  4 howler monkeys
  5 crimson imps
  2 hounds
  A bullfrog zombie (D:8)
  3 centaur zombies
  A centaur skeleton (D:7)
  A quasit (D:11)
  21 orc priests
  16 jellies
  32 orc wizards
  5 bullfrog skeletons
  7 iguanas
  4 worker ants
  2 hound zombies
  A hound skeleton (D:7)
  A howler monkey zombie (D:6)
  14 gnolls
  19 adders
  A shadow imp (D:8)
  14 oozes
  An adder skeleton (D:6)
  3 worms
  3 dart slugs
  2 leopard geckos
  83 orcs
  8 ball pythons
  3 bats
  7 giant cockroaches
  17 goblins
  8 hobgoblins
  12 jackals
  15 kobolds
  6 quokkas
  4 frilled lizards
  A leopard gecko skeleton (D:5)
  A quokka skeleton (D:9)
  7 rats
  A fungus (Lair:5)
  A plant (Lair:6)
730 creatures vanquished.

Vanquished Creatures (collateral kills)
  Rupert (Lair:4)
  A dire elephant (Lair:6)
  A hydra (Lair:4)
  A death yak (Lair:6)
  2 orc high priests
  An orc knight (Orc:2)
  Psyche (D:8)
  A rime drake (Lair:6)
  An ice devil (Lair:6)
  A red devil (Lair:6)
  A two-headed ogre (D:8)
  5 orc warriors (Orc:2)
  A crocodile (Lair:6)
  A bullfrog (Lair:4)
  3 orc wizards (Orc:2)
  2 orc priests (Orc:2)
  4 orcs (Orc:2)
28 creatures vanquished.

Vanquished Creatures (others)
  An orc priest (Orc:2)
  An orc wizard (Orc:2)
  3 fungi
  11 plants
16 creatures vanquished.

Grand Total: 774 creatures vanquished

Notes
Turn   | Place    | Note
-------+----------+-------------------------------------------
     0 | D:1      | sveltemanboy the Vine Stalker Berserker began the quest for the Orb.
     0 | D:1      | Reached XP level 1. HP: 11/11 MP: 2/2
   382 | D:1      | Reached XP level 2. HP: 16/16 MP: 3/3
   896 | D:1      | Reached XP level 3. HP: 19/19 MP: 4/4
  1306 | D:2      | Reached ** piety under Trog
  1369 | D:2      | Gained mutation: Your natural rate of healing is unusually fast. [Vine Stalker growth]
  1369 | D:2      | Reached XP level 4. HP: 22/23 MP: 5/5
  1834 | D:3      | Noticed feelmyfire's ghost (amateur NaTm)
  1926 | D:2      | HP: 1/23 [orc/flail of draining (5)]
  1939 | D:2      | Reached XP level 5. HP: 9/27 MP: 6/6
  2513 | D:4      | Found a glowing drain.
  2538 | D:4      | Reached skill level 5 in Long Blades
  2546 | Sewer    | Entered a sewer
  2584 | Sewer    | Reached skill level 1 in Shields
  2644 | Sewer    | Noticed a big kobold
  2660 | Sewer    | Killed a big kobold
  2660 | Sewer    | Reached XP level 6. HP: 30/32 MP: 5/7
  2933 | Sewer    | Reached XP level 7. HP: 35/35 MP: 8/8
  3030 | Sewer    | Reached *** piety under Trog
  3302 | D:4      | Noticed feelmyfire's ghost (amateur VSEn)
  3315 | D:4      | Killed feelmyfire's ghost
  3315 | D:4      | Gained mutation: You have razor-sharp teeth. [Vine Stalker growth]
  3315 | D:4      | Reached XP level 8. HP: 38/39 MP: 9/9
  3511 | D:4      | Reached skill level 5 in Shields
  4181 | D:5      | Entered Level 5 of the Dungeon
  4407 | D:5      | Noticed Pikel
  4429 | D:5      | Killed Pikel
  4429 | D:5      | Reached XP level 9. HP: 23/43 MP: 10/10
  4659 | D:5      | Noticed Edmund
  4660 | D:5      | Found Nux Kea's General Store.
  4673 | D:5      | Killed Edmund
  4681 | D:5      | Bought a scroll of teleportation for 45 gold pieces
  4690 | D:5      | Reached **** piety under Trog
  5013 | D:6      | Gained mutation: You are frail. (-10% HP) [mutagenic meat]
  5014 | D:6      | Gained mutation: You have an increased reservoir of magic. (+10% MP) [mutagenic meat]
  5015 | D:6      | Lost mutation: You are frail. (-10% HP) [mutagenic meat]
  5016 | D:6      | Gained mutation: Your body sometimes deteriorates upon taking damage. [mutagenic meat]
  5146 | D:6      | Got an ancient chain mail
  5157 | D:6      | Identified the +7 chain mail of Gluttony {*Corrode Dex+3 Stlth+} (You found it on level 6 of the Dungeon)
  5706 | D:7      | Found a staircase to the Ecumenical Temple.
  5913 | D:7      | Reached XP level 10. HP: 47/49 MP: 12/12
  6137 | D:8      | Reached skill level 10 in Long Blades
  6209 | D:8      | Noticed Psyche
  6215 | D:8      | Reached ***** piety under Trog
  6224 | D:8      | Paralysed by a hornet for 2 turns
  6288 | D:8      | Noticed Prince Ribbit
  6306 | D:8      | Killed Prince Ribbit
  6361 | D:8      | Killed Psyche
  6366 | D:8      | Reached skill level 1 in Evocations
  7222 | D:9      | Found Sulipp's Weapon Emporium.
  7508 | D:9      | Found a staircase to the Orcish Mines.
  7574 | D:9      | Reached XP level 11. HP: 44/52 MP: 12/16
  7830 | D:10     | Entered Level 10 of the Dungeon
  7917 | D:10     | Noticed a red ugly thing
  7945 | D:10     | Killed a red ugly thing
  8078 | D:10     | Reached skill level 1 in Axes
  8094 | D:10     | Reached skill level 2 in Axes
  8129 | D:10     | Received a gift from Trog
  8155 | D:10     | Reached skill level 3 in Axes
  8240 | D:10     | Noticed a hill giant
  8253 | D:10     | Killed a hill giant
  8253 | D:10     | Reached skill level 4 in Axes
  8656 | D:10     | Reached skill level 5 in Axes
  9100 | D:11     | Noticed Maurice
  9113 | D:11     | Killed Maurice
  9113 | D:11     | Reached skill level 6 in Axes
  9250 | D:11     | Found a staircase to the Lair.
  9314 | D:11     | Reached skill level 7 in Axes
  9381 | D:11     | Noticed Nergalle
  9404 | D:11     | Killed Nergalle
  9404 | D:11     | Gained mutation: You heal very quickly. [Vine Stalker growth]
  9404 | D:11     | Reached XP level 12. HP: 54/56 MP: 17/17
  9521 | D:11     | Reached skill level 8 in Axes
  9526 | D:11     | Received a gift from Trog
  9576 | D:11     | Found a portal to a secret trove of treasure.
 10240 | Lair:1   | Entered Level 1 of the Lair of Beasts
 10282 | Lair:1   | Reached skill level 9 in Axes
 10769 | Lair:1   | Reached skill level 10 in Axes
 11301 | Lair:1   | Noticed a five-headed hydra
 11308 | Lair:1   | Killed a five-headed hydra
 11318 | Lair:1   | Reached skill level 11 in Axes
 11799 | Lair:2   | Noticed a four-headed hydra
 11822 | Lair:2   | Killed a six-headed hydra
 11882 | Lair:2   | Found a hole to the Spider Nest.
 12241 | Lair:3   | Noticed an eight-headed hydra
 12247 | Lair:3   | Killed an eight-headed hydra
 12247 | Lair:3   | Reached XP level 13. HP: 60/60 MP: 19/19
 12260 | Lair:3   | Received a gift from Trog
 12261 | Lair:3   | Reached skill level 12 in Axes
 12412 | Lair:3   | Found a staircase to the Swamp.
 13251 | Lair:4   | Reached skill level 13 in Axes
 13330 | Lair:4   | Noticed Rupert
 13347 | Lair:4   | Killed Rupert
 14316 | Lair:5   | Reached skill level 14 in Axes
 15165 | Lair:6   | Entered Level 6 of the Lair of Beasts
 15200 | Lair:6   | Reached XP level 14. HP: 46/65 MP: 15/20
 15376 | Lair:6   | Reached skill level 15 in Axes
 15555 | Lair:6   | Found a staircase to the Slime Pits.
 15828 | Lair:6   | Found a frozen archway.
 15845 | IceCv    | Entered an ice cave
 16002 | IceCv    | Received a gift from Trog
 16102 | IceCv    | Reached ****** piety under Trog
 16356 | IceCv    | Noticed a frost giant
 16362 | IceCv    | Reached skill level 16 in Axes
 16375 | IceCv    | Killed a frost giant
 16409 | IceCv    | Identified the Grimoire of Ice
 16599 | Lair:6   | Noticed a dire elephant
 16634 | Lair:6   | Killed a dire elephant
 16693 | Lair:6   | Found a burning altar of Makhleb.
 16844 | Lair:6   | Reached skill level 17 in Axes
 16941 | Lair:6   | Reached XP level 15. HP: 68/68 MP: 15/21
 16968 | Lair:6   | Lost mutation: Your body sometimes deteriorates upon taking damage. [potion of cure mutation]
 16968 | Lair:6   | Lost mutation: You have an increased reservoir of magic. (+10% MP) [potion of cure mutation]
 16994 | Lair:6   | Found a gateway to Hell.
 17318 | Orc:1    | Entered Level 1 of the Orcish Mines
 17364 | D:9      | Identified a +4 rod of inaccuracy (9/9) (You found it in an ice cave)
 17471 | Orc:2    | Entered Level 2 of the Orcish Mines
 17539 | Orc:2    | Received a gift from Trog
 18011 | Orc:2    | Received a gift from Trog
 18311 | Orc:2    | Reached skill level 18 in Axes
 18708 | Orc:2    | Found a staircase to the Elven Halls.
 18864 | Orc:2    | Noticed an orc warlord
 18904 | Orc:2    | Killed an orc warlord
 19182 | Orc:2    | Found Liuddeyr's Antique Armour Emporium.
 19183 | Orc:2    | Found Paiwn's Antique Weapon Shoppe.
 19184 | Orc:2    | Found Otteecsi's General Store.
 19184 | Orc:2    | Found Letifur's Book Emporium.
 19458 | Elf:1    | Entered Level 1 of the Elven Halls
 19501 | Elf:1    | Noticed a deep elf sorcerer
 19752 | Swamp:1  | Entered Level 1 of the Swamp
 19758 | Swamp:1  | Noticed Aizul
 19768 | Swamp:1  | Killed from afar by Aizul

Skill      XL: |  1  2  3  4  5  6  7  8  9 10 11 12 13 14 15 |
---------------+----------------------------------------------+-----
Long Blades    | 3 4 5 6 8 9 11 12 | 12.3
Shields        | 1 3 4 6 7 |  7.0
Armour         | 3 4 |  4.4
Dodging        | 2 |  2.2
Fighting       | 3 |  3.1
Evocations     | 3 4 |  4.5
Axes           | 7 11 14 17 18 | 18.3

Action                   |  1- 3 |  4- 6 |  7- 9 | 10-12 | 13-15 || total
-------------------------+-------+-------+-------+-------+-------++-------
Melee: Falchion          |    51 |       |       |       |       ||    51
       Bite              |    25 |    43 |   122 |   416 |   425 ||  1031
       Dagger            |    39 |    11 |       |       |       ||    50
       Long sword        |       |   118 |   270 |   836 |    23 ||  1247
       Executioner's axe |       |       |       |       |   884 ||   884
       Battleaxe         |       |       |       |       |    58 ||    58
       War axe           |       |       |       |       |    38 ||    38
Invok: Trog's Hand       |       |       |       |     2 |     2 ||     4
       Brothers in Arms  |       |       |       |     1 |     7 ||     8
       Burn Spellbooks   |       |       |       |     1 |     1 ||     2
       Berserk           |       |       |       |       |     1 ||     1
Evoke: Wand              |       |       |       |    25 |    18 ||    43
       Sack of spiders   |       |       |       |     1 |     2 ||     3
       Rod               |       |       |       |       |     3 ||     3
  Use: Scroll            |       |     5 |     3 |    10 |     9 ||    27
       Potion            |       |       |     4 |     3 |     6 ||    13
 Stab: Sleeping          |     1 |       |       |       |       ||     1
       Distracted        |       |       |       |       |     1 ||     1
  Eat: Chunk             |     1 |     6 |    14 |    23 |    29 ||    73
       Royal jelly       |       |       |       |       |     1 ||     1
       Pizza             |       |       |       |       |     2 ||     2
       Fruit             |       |       |       |       |     1 ||     1
Armor: Animal skin       |    10 |     8 |       |       |       ||    18
       Scale mail        |       |    33 |    50 |       |       ||    83
       Chain mail        |       |       |    42 |   328 |   597 ||   967
Dodge: Dodged            |    53 |    63 |    80 |   340 |   907 ||  1443
Block: Buckler           |       |       |    61 |   224 |    18 ||   303
       Rpst.: Falchion   |     9 |       |       |       |       ||     9
       Long sword        |       |    17 |    31 |    90 |    18 ||   156
